 Dungeon Crawl Stone Soup version 0.27.1-3-gb3d3a73c9e (webtiles) character file.

Game seed: 15435406274937778374

170895 ABBCCCDDDD the Severer (level 17, 0/170 HPs)
             Began as a Deep Dwarf Delver on Oct 28, 2021.
             Was a Follower of Makhleb.
             Slain by a nagaraja (15 damage)
             ... on level 2 of the Snake Pit.
             The game lasted 01:45:54 (30949 turns).

ABBCCCDDDD the Severer (Deep Dwarf Delver)         Turns: 30949, Time: 01:45:55

Health: 0/170      AC: 38    Str: 21    XL:     17   Next: 38%
Magic:  0/0        EV:  7    Int: 13    God:    Makhleb [*.....]
Gold:   809        SH:  8    Dex: 14    Spells: 35/35 levels left

rFire    + + .     SeeInvis .   a - +8 broad axe "Vaffee" {protect, rElec}
rCold    + + .     Faith    +   i - +2 buckler {rC+}
rNeg     + . .     Spirit   .   v - +9 scales of the Dragon King {rPois rF+ rC+ Will+}
rPois    +         Reflect  .   (no helmet)
rElec    +         Harm     .   z - scarf {repulsion}
rCorr    .         Rampage  .   J - +0 pair of gloves
Will     ++++.                  (no boots)
Stlth    ..........             Q - amulet "Vuikki" {Faith rF+}
HPRegen  0.00/turn              m - ring of willpower
MPRegen  0.07/turn              s - +4 ring of protection

@: lethally poisoned (0 -> 0), under a protective aura, repel missiles
A: damage resistance, heal wounds, negative energy resistance 1, sense
surroundings 2, no regeneration
a: Heal Wounds, Renounce Religion


You were on level 2 of the Snake Pit.
You worshipped Makhleb.
Makhleb was aware of your devotion.
You visited 7 branches of the dungeon, and saw 29 of its levels.
You also visited: Ice Cave.

You collected 15124 gold pieces.
You spent 8444 gold pieces at shops.
You paid 5871 gold pieces to Gozag.

Inventory:

Hand Weapons
 a - the +8 broad axe "Vaffee" (weapon) {protect, rElec}
   (You found it on level 4 of the Lair of Beasts)

   It grants its wielder temporary protection when it strikes (+7 to AC).
   rElec:     It insulates you from electricity.
 b - the +6 broad axe "Zeetu" {flame, rF+ Str+3 Stlth-}
   (You acquired it on level 3 of the Lair of Beasts)

   It burns those it strikes, dealing additional fire damage.
   Big, fiery blades are also staple armaments of hydra-hunters.
   Str:       It affects your strength (+3).
   rF:        It protects you from fire.
   Stlth:     It makes you less stealthy.
 y - the +10 mace "Lekarausha" {vorpal, Fly rPois rC++ Int-4}
   (You found it on level 4 of the Dungeon)

   It inflicts extra damage upon your enemies.
   Int:       It affects your intelligence (-4).
   rC:        It greatly protects you from cold.
   rPois:     It protects you from poison.
   Fly:       It grants you flight.
Missiles
 C - 72 poisoned darts (quivered)
 N - 4 throwing nets
 R - a curare-tipped dart
Armour
 i - a +2 buckler of cold resistance (worn)
 v - the +9 scales of the Dragon King (worn) {rPois rF+ rC+ Will+}
   (You bought it in a shop on level 1 of the Lair of Beasts)

   rF:        It protects you from fire.
   rC:        It protects you from cold.
   rPois:     It protects you from poison.
   Will:      It increases your willpower.
 z - a scarf of repulsion (worn)
 D - a +2 kite shield
 J - a +0 pair of gloves (worn)
 W - a +0 cloak of preservation
Jewellery
 m - a ring of willpower (left hand)
 s - a +4 ring of protection (right hand)
 F - a ring of see invisible
 Q - the amulet "Vuikki" (around neck) {Faith rF+}
   (You bought it in a shop on level 12 of the Dungeon)

   [amulet of faith]

   It allows you to gain divine favour quickly.
   rF:        It protects you from fire.
 U - a ring of positive energy
Wands
 g - a wand of digging (7)
 A - a wand of paralysis (4)
 E - a wand of polymorph (9)
 G - a wand of flame (10)
 T - a wand of acid (5)
Scrolls
 c - a scroll of fog
 d - 4 scrolls of magic mapping
 e - a scroll of fear
 h - 5 scrolls of identify
 j - 4 scrolls of enchant armour
 p - 2 scrolls of silence
 q - a scroll of torment
 x - a scroll of brand weapon
 B - 5 scrolls of immolation
 H - 9 scrolls of teleportation
 K - 3 scrolls of holy word
 O - 3 scrolls of enchant weapon
Potions
 f - 5 potions of haste
 k - 8 potions of curing
 l - 5 potions of attraction
 n - 10 potions of might
 o - 6 potions of brilliance
 t - 5 potions of invisibility
 u - 4 potions of cancellation
 w - 5 potions of magic
 I - 3 potions of lignification
 L - a potion of heal wounds
 P - 3 potions of mutation
 S - a potion of flight
 Y - 3 potions of resistance
Miscellaneous
 M - a condenser vane
 Z - a phantom mirror (inert)


   Skills:
 - Level 15.0 Fighting
 - Level 15.3(17.5) Axes
 - Level 13.5(15.8) Maces & Flails
 - Level 10.0 Armour
 - Level 11.0 Dodging
 - Level 6.0 Stealth
 - Level 7.0 Shields
 * Level 9.9 Spellcasting
 - Level 7.4 Evocations


You had 35 spell levels left.
You didn't know any spells.
Your spell library contained the following spells:

 Spells                   Type           Power      Damage    Failure   Level
 Animate Skeleton         Necr           12%        N/A       100%        1
 Apportation              Tloc           12%        N/A       100%        1
 Corona                   Hex            6%         N/A       100%        1
 Freeze                   Ice            24%        1d5       100%        1
 Magic Dart               Conj           24%        1d4       100%        1
 Pain                     Necr           24%        1d5       100%        1
 Summon Small Mammal      Summ           24%        N/A       100%        1
 Searing Ray              Conj           12%        3d3       100%        2
 Slow                     Hex            6%         N/A       100%        2
 Call Canine Familiar     Summ           6%         N/A       100%        3
 Confusing Touch          Hex            6%         N/A       100%        3
 Dazzling Flash           Conj/Hex       12%        N/A       100%        3
 Gell's Gravitas          Tloc           3%         N/A       100%        3
 Lesser Beckoning         Tloc           3%         N/A       100%        3
 Portal Projectile        Hex/Tloc       12%        N/A       100%        3
 Teleport Other           Tloc           6%         N/A       100%        3
 Tukima's Dance           Hex            6%         N/A       100%        3
 Vampiric Draining        Necr           3%         2d6       100%        3
 Fulminant Prism          Conj/Hex       3%         3d6       100%        4
 Hailstorm                Conj/Ice       6%         3d4       100%        4
 Ice Form                 Ice/Tmut       6%         N/A       100%        4
 Iskenderun's Mystic Bla  Conj/Tloc      6%         2d4       100%        4
 Leda's Liquefaction      Hex/Erth       3%         N/A       100%        4
 Passage of Golubria      Tloc           N/A        N/A       100%        4
 Summon Ice Beast         Ice/Summ       6%         N/A       100%        4
 Agony                    Necr           6%         N/A       100%        5
 Blade Hands              Tmut           3%         N/A       100%        5
 Excruciating Wounds      Necr           3%         N/A       100%        5
 Fireball                 Conj/Fire      3%         3d4       100%        5
 Freezing Cloud           Conj/Ice/Air   3%         6-21      100%        5
 Metabolic Englaciation   Hex/Ice        3%         N/A       100%        5
 Silence                  Hex/Air        3%         N/A       100%        5
 Summon Forest            Summ/Tloc      3%         N/A       100%        5
 Yara's Violent Unravell  Hex/Tmut       3%         3d4       100%        5
 Dispersal                Tloc           3%         N/A       100%        6
 Simulacrum               Ice/Necr       3%         N/A       100%        6
 Starburst                Conj/Fire      3%         6d3       100%        6
 Ignition                 Fire           3%         3d4       100%        8
 Lehudib's Crystal Spear  Conj/Erth      3%         10d2      100%        8
 Dragon's Call            Summ           3%         N/A       100%        9
 Polar Vortex             Ice            3%         N/A       100%        9


Dungeon Overview and Level Annotations

Branches:
Dungeon (15/15)            Temple (1/1) D:5            Lair (6/6) D:11
  Swamp (1/4) Lair:2        Snake (2/4) Lair:3        Slime (0/5) Lair:6
    Orc (2/2) D:12            Elf (2/3) Orc:2        Vaults (0/5) D:14
 Depths (0/5) D:15          IceCv (visited)

Altars:
Ashenzari
Cheibriados
Dithmenos
Elyvilon
Fedhas
Gozag
Hepliaklqana
Kikubaaqudgha
Makhleb
Nemelex Xobeh
Okawaru
Qazlal
Ru
Sif Muna
Trog
Uskayaw
Vehumet
Wu Jian
Xom
Yredelemnul
Zin
The Shining One
Beogh
Jiyva

Shops:
D:3 [   D:7 !   D:10 *   D:12 =   Orc:1 (   Orc:2 [[*((:?   Elf:1 (   Elf:2 (
Lair:1 *[   Lair:3 ?[

Annotations:
D:7 2 transporters, 15bullets's ghost, novice DsGl
Lair:6 5 runed translucent doors, Crownlay's ghost, journeyman HOFi
Elf:2 3 runed translucent doors


Innate Abilities, Weirdness & Mutations

You are resistant to damage.
You can heal yourself by infusing magical energy.
You resist negative energy. (rN+)
You passively map the area around you.
You do not regenerate.


Message History

You slash the nagaraja!
The nagaraja is heavily wounded.
The nagaraja hits you but does no damage.
The nagaraja constricts you.
The nagaraja points at you and mumbles some strange words.
The poison arrow hits you!
You are more poisoned.
You partially resist.
* * * LOW HITPOINT WARNING * * *
The nagaraja constricts you.
* * * LOW HITPOINT WARNING * * *
You closely miss the nagaraja.
The nagaraja is heavily wounded.
The nagaraja points at you and mumbles some strange words.
The poison arrow hits you.
You are more poisoned.
You partially resist.
* * * LOW HITPOINT WARNING * * *
The nagaraja constricts you.
You hit the nagaraja but do no damage.
The nagaraja is heavily wounded.
You feel very sick. The nagaraja casts a spell at you.
The poison arrow hits you.
You are more poisoned.
You partially resist. The nagaraja constricts you.
Gozag petitions for your drink to fail.
You feel extremely sick. The nagaraja spits poison at you.
The splash of poison misses you. The nagaraja constricts you.
You escape the nagaraja's grasp.
You feel extremely sick.
Aiming: Corrosive Bolt
Press: ? - help, Shift-Dir - straight line, f - nagaraja
Aim: a nagaraja, wielding a +0 flail and wearing a +0 robe (heavily wounded, fast, incited by Gozag, 74% to hit)
The bolt of acid hits the nagaraja!
The nagaraja is splashed with acid.
The acid corrodes the nagaraja!
The nagaraja is severely wounded.
The nagaraja hits you with a +0 flail!!
You die...

##.##.##....#...
#.....#...)....
###.....#...)#...
#.#########)##..#
#..#.........#.##
##..#....####.....
###...#....#....#...
##.....#.........###.
###...@......##...###..
#.....N.######...##.###
#.#.....#........†....#
, #.....##.......#....#
,##?....##.....###...#
#.##.(.#.....# #.... ,,
, ..,#######...###....
* ..###.#.#.###.#......
*
...#...#.#...#######.#


You could see a nagaraja (fast, incited, corroded).

Levels and vault maps discovered:
D:1:      beargit_arrival_diablo_church, layout_basic
D:2:      layout_basic
D:3:      layout_basic, elyvilon_altar_4, nicolae_overflow_hidden_temple,
          serial_shops, nicolae_lakefront_shop, grunt_decor_cap,
          kennysheep_generic_room_9
D:4:      minmay_bubble_buster, layout_basic, mainiacjoe_overflow_brackets,
          minmay_vboxes
D:5:      layout_loops_corners, mainiacjoe_overflow_catwalk, temple_statues
D:6:      layout_rooms, mainiacjoe_overflow_six_doors_small
D:7:      layout_rooms, gammafunk_ghost_arena, serial_shops,
          kennysheep_little_box
D:8:      layout_basic, minitemple, uniq_psyche
D:9:      layout_cave_pods, minmay_overflow_temple_star_quad,
          mainiacjoe_overflow_paths, minmay_alternating_orb
D:10:     layout_loops_ring, lemuel_tele_altar, serial_bayou_lagoon_a
D:11:     layout_irregular_city, david_lair_generic, st_stairs_8,
          hangedman_decor_slide_cut, minivault_28, uniq_fannar, uniq_nergalle,
          uniq_erolcha
D:12:     layout_irregular_city, orc_0_dummy, minmay_crystal_water,
          kennysheep_windowed_goal
D:13:     layout_stronghold
D:14:     layout_stronghold, erik_vaults_1, chequers_serial_rivers_small_b,
          grunt_decor_mini_mirrors
D:15:     grunt_enter_depths_snipers, layout_stronghold, amethyst_killhole,
          uniq_josephine
Temple:   compressed_dpeg_circular_temple
Lair:1:   layout_cave_pods, infiniplex_staircase_pool
Lair:2:   layout_chaotic_city, swamp_mist, lemuel_fruit_fields,
          serial_bayou_shore_a
Lair:3:   layout_hall_layers, guppyfry_snake_entry_garden,
          nicolae_quartered_pool_little, st_stairs_10, gammafunk_lair_bear_cave
Lair:4:   nzn_winding_woodlands_stair_trap [nzn_winding_woodlands_5x15_default,
          nzn_winding_woodlands_5x15_river_crossing,
          nzn_winding_woodlands_5x15_crooked,
          nzn_winding_woodlands_15x15_eel_pit,
          nzn_winding_woodlands_5x15_default, nzn_winding_woodlands_5x15_jagged,
          nzn_winding_woodlands_5x15_longhouse], layout_long_grid, wad_woods_03
Lair:5:   layout_long_grid, kennysheep_rathole, grunt_megastairs_1
Lair:6:   cheibrodos_lair_end_hotspot, layout_cave_pods, slime_altar_1,
          maelrawn_ghost_gauntlet_escape
Swamp:1:  layout_basic_swamp, evilmike_swamp_ruin_house_1, swamp_pool2,
          nicolae_swamp_no_escape
Snake:1:  kennysheep_snake, layout_basic, st_stairs_9, beargit_elvish_explorers,
          serial_bayou_shore_b
Snake:2:  layout_honeycomb, hangedman_venom_bottle
Orc:1:    cheibrodos_orc_arena, layout_diamond_mine, serial_shops, shop,
          nicolae_orc_pool_cavern, nicolae_orc_lost_temple
Orc:2:    st_orc_mages, layout_caves, serial_shops, shop, nicolae_shop_stone,
          shop, statue_in_the_mist_lemuel
Elf:1:    layout_rooms, portal_ice_cave_entry_pillars_three, serial_shops,
          nicolae_shop_crystal, minmay_elf_demonology, st_stairs_10
Elf:2:    elven_hall_of_blades_hangedman_original [mumra_blade_entry_dagger],
          layout_geoelf_diagonals, serial_glass, glass_columns_c,
          glass_columns_c, glass_columns_c, glass_columns_b, glass_columns_a,
          glass_columns_a, glass_columns_a, glass_columns_b, serial_shops,
          nicolae_diamond_shop, lemuel_elevator, uniq_agnes

Notes
Turn   | Place    | Note
-------+----------+-------------------------------------------
     0 | D:5      | ABBCCCDDDD the Deep Dwarf Delver began the quest for the
                  | Orb.
     0 | D:5      | Reached XP level 1. HP: 20/20 MP: 1/1
     8 | Temple   | Entered the Ecumenical Temple
   227 | D:5      | Found a shimmering altar of Xom.
   323 | Temple   | Became a worshipper of Gozag Ym Sagoz the Greedy
   358 | D:4      | Noticed an ogre
   456 | D:3      | Noticed an orc wizard
   559 | D:1      | Reached XP level 2. HP: 17/27 MP: 2/2
   710 | D:1      | You fall into a shaft and drop 1 floor!
   781 | D:1      | Reached skill level 1 in Armour
  1244 | D:1      | You fall into a shaft and drop 1 floor!
  1403 | D:2      | Reached XP level 3. HP: 30/34 MP: 3/3
  1430 | D:2      | Reached skill level 1 in Evocations
  1603 | D:2      | Reached XP level 4. HP: 29/42 MP: 4/4
  2131 | D:3      | Noticed a phantom
  2219 | D:3      | Found a white marble altar of Elyvilon.
  2280 | D:3      | Noticed a phantom
  2414 | D:3      | Reached XP level 5. HP: 39/49 MP: 5/5
  2420 | D:3      | Killed a phantom
  2479 | D:3      | Found a sacrificial altar of Ru.
  2658 | D:3      | Found Toebrou's Armour Emporium.
  2667 | D:3      | Bought a +0 scale mail of poison resistance for 104 gold
                  | pieces
  3196 | D:4      | Noticed an ogre
  3396 | D:4      | Reached XP level 6. HP: 28/56 MP: 6/6
  3503 | D:4      | Identified the +10 mace "Lekarausha" {vorpal, Fly rPois
                  | rC++ Int-4}
  3584 | D:4      | Found a snail-covered altar of Cheibriados.
  3642 | D:4      | Reached skill level 1 in Maces & Flails
  3642 | D:4      | Reached skill level 5 in Evocations
  3642 | D:4      | Reached XP level 7. HP: 54/63 MP: 7/7
  4939 | D:6      | Found an ancient bone altar of Kikubaaqudgha.
  4947 | D:6      | Reached XP level 8. HP: 48/73 MP: 8/8
  5225 | D:6      | Reached skill level 1 in Shields
  5447 | D:7      | Noticed 15bullets's ghost (novice DsGl)
  5447 | D:7      | Found a transporter.
  5494 | D:7      | Reached skill level 5 in Fighting
  5528 | D:7      | Reached skill level 5 in Armour
  5529 | D:7      | Noticed a green ugly thing
  5557 | D:6      | Killed a green ugly thing
  5567 | D:7      | Gained mutation: You passively map the area around you.
                  | [Deep Dwarf growth]
  5567 | D:7      | Reached XP level 9. HP: 34/81 MP: 8/8
  5674 | D:7      | Noticed a centaur warrior
  5859 | D:7      | Found Otomo's Distillery.
  5868 | D:7      | Reached skill level 5 in Maces & Flails
  5876 | D:7      | Bought a potion of curing for 45 gold pieces
  5876 | D:7      | Bought a potion of berserk rage for 75 gold pieces
  5876 | D:7      | Bought a potion of heal wounds for 75 gold pieces
  5876 | D:7      | Bought a potion of degeneration for 15 gold pieces
  5920 | D:7      | Found a transporter.
  6419 | D:8      | Noticed Psyche
  6457 | D:8      | Found an iron altar of Okawaru.
  6474 | D:8      | Found a burning altar of Makhleb.
  7251 | D:8      | Killed Psyche
  7378 | D:9      | Noticed a four-headed hydra
  7385 | D:9      | Killed a four-headed hydra
  7386 | D:9      | Reached XP level 10. HP: 38/94 MP: 0/6
  7406 | D:9      | Noticed a two-headed ogre
  7432 | D:9      | Killed a two-headed ogre
  7926 | D:9      | Found a bloodstained altar of Trog.
  8098 | D:9      | Noticed a two-headed ogre
  8577 | D:9      | Found a stormy altar of Qazlal.
  8588 | D:9      | Found a hide-covered altar of Uskayaw.
  8593 | D:9      | Found a shimmering blue altar of Sif Muna.
  8745 | D:10     | Entered Level 10 of the Dungeon
  8783 | D:10     | Reached XP level 11. HP: 54/104 MP: 0/7
  9275 | D:10     | Reached skill level 10 in Armour
  9283 | D:10     | Found a glowing golden altar of the Shining One.
  9376 | D:10     | Noticed a two-headed ogre
  9442 | D:11     | Noticed a boulder beetle
  9449 | D:11     | Noticed Nergalle
  9516 | D:10     | Bought a pitted chain mail for 275 gold pieces
  9516 | D:10     | Identified the +1 chain mail "Liapn" {Str+7 Dex-2 Slay+2}
                  | (You bought it in a shop on level 10 of the Dungeon)
 10184 | D:11     | Noticed a five-headed hydra
 10232 | D:11     | Noticed a centaur warrior
 10297 | D:10     | Killed Nergalle
 10339 | D:11     | Killed a boulder beetle
 10352 | D:11     | Noticed a two-headed ogre
 10358 | D:11     | Killed a two-headed ogre
 10393 | D:11     | Killed a centaur warrior
 10459 | D:11     | Identified 3 scrolls of acquirement
 10460 | D:11     | Acquired 725 gold pieces
 10462 | D:11     | Acquired the +7 great mace of Athrybrai {vorpal, rElec}
 10464 | D:11     | Acquired a scarf of repulsion
 10492 | D:11     | Killed a five-headed hydra
 10493 | D:11     | Reached skill level 5 in Dodging
 10665 | D:11     | Reached skill level 10 in Fighting
 10681 | D:11     | Reached skill level 10 in Maces & Flails
 10737 | D:11     | Noticed Erolcha
 10768 | D:11     | Killed Erolcha
 10769 | D:11     | Reached XP level 12. HP: 14/116 MP: 0/8
 10792 | D:11     | Found a staircase to the Lair.
 11060 | D:11     | Noticed a centaur warrior
 11070 | D:11     | Killed a centaur warrior
 11108 | D:11     | Noticed a four-headed hydra
 11115 | D:11     | Killed a four-headed hydra
 11159 | D:11     | Noticed Fannar
 11180 | D:11     | Killed Fannar
 11330 | Lair:1   | Entered Level 1 of the Lair of Beasts
 11334 | Lair:1   | Bought a runed cloak for 270 gold pieces
 11334 | Lair:1   | Bought a dazzling scale mail for 324 gold pieces
 11334 | Lair:1   | Identified the +3 scale mail of Subjectivity {Str+3} (You
                  | bought it in a shop on level 1 of the Lair of Beasts)
 11543 | Lair:1   | You are sucked into a shaft and drop 1 floor!
 11672 | Lair:2   | Noticed a death yak
 11674 | Lair:2   | Noticed a death yak
 12275 | Lair:1   | Noticed a six-headed hydra
 12280 | Lair:1   | Killed a six-headed hydra
 12561 | Lair:2   | Noticed a four-headed hydra
 12577 | Lair:2   | Killed a four-headed hydra
 12718 | Lair:2   | Noticed a death yak
 12719 | Lair:2   | Noticed a death yak
 12737 | Lair:2   | Killed a death yak
 12743 | Lair:2   | Killed a death yak
 12750 | Lair:2   | Killed a death yak
 12759 | Lair:2   | Killed a death yak
 12760 | Lair:2   | Reached XP level 13. HP: 65/127 MP: 0/8
 12819 | Lair:2   | Found a staircase to the Swamp.
 13251 | Lair:3   | Identified the +10 long sword "Dwarf's Death" {freeze,
                  | Int+4 Dex-2}
 13309 | Lair:3   | Found a staircase to the Snake Pit.
 13996 | Lair:3   | Reached skill level 10 in Dodging
 14599 | Lair:4   | Identified the +2 morningstar of Yvinaedoin {venom, rElec
                  | rN+ Int+4}
 14602 | Lair:4   | Identified the +8 broad axe "Vaffee" {protect, rElec}
 14799 | Lair:4   | Reached skill level 5 in Axes
 15408 | Lair:4   | Gained mutation: You resist negative energy. (rN+) [Deep
                  | Dwarf growth]
 15408 | Lair:4   | Reached XP level 14. HP: 116/139 MP: 0/5
 16240 | Lair:6   | Entered Level 6 of the Lair of Beasts
 16404 | Lair:6   | Found a viscous altar of Jiyva.
 16405 | Lair:6   | Found a staircase to the Slime Pits.
 16457 | Lair:6   | Found a large runed translucent door.
 16617 | Lair:6   | Reached skill level 1 in Spellcasting
 16695 | Lair:6   | Noticed Crownlay's ghost (journeyman HOFi)
 16916 | Lair:6   | Found a runed translucent gate.
 16916 | Lair:6   | Found a runed translucent gate.
 16920 | Lair:6   | Found a runed translucent gate.
 17434 | Lair:6   | Found a large runed translucent door.
 17810 | D:12     | Found a staircase to the Orcish Mines.
 18067 | D:12     | Found Hiybel's Jewellery Shoppe.
 18332 | D:12     | Reached skill level 5 in Spellcasting
 18631 | D:13     | Reached skill level 10 in Axes
 18900 | Orc:1    | Entered Level 1 of the Orcish Mines
 19031 | Orc:1    | Noticed an orc warlord
 19255 | Lair:1   | Bought the +9 scales of the Dragon King {rPois rF+ rC+
                  | Will+} for 3993 gold pieces
 19255 | Lair:1   | Found the +9 scales of the Dragon King {rPois rF+ rC+
                  | Will+}
 19412 | Orc:1    | Killed an orc warlord
 19694 | Orc:1    | Found Atemoplo's Weapon Shoppe.
 19991 | Orc:2    | Entered Level 2 of the Orcish Mines
 20020 | Orc:2    | Reached XP level 15. HP: 108/148 MP: 0/6
 20093 | Orc:2    | Found Gihyekix's Antique Armour Shoppe.
 20095 | Orc:2    | Found Gosurph's Antique Armour Shoppe.
 20212 | Orc:2    | Bought a tower shield for 99 gold pieces
 20230 | Orc:2    | Found Jillew's General Store.
 20234 | Orc:2    | Bought a runed buckler for 202 gold pieces
 20250 | Orc:2    | Bought a potion of might for 60 gold pieces
 20250 | Orc:2    | Bought a scroll of identify for 30 gold pieces
 20573 | Orc:2    | Found a staircase to the Elven Halls.
 20681 | Orc:2    | Found Wusipp's Book Boutique.
 20681 | Orc:2    | Found Gesogogu's Antique Weapon Shop.
 20682 | Orc:2    | Found Runid's Weapon Shop.
 20685 | Orc:2    | Found Ofyno's Magic Scroll Boutique.
 21009 | Snake:1  | Entered Level 1 of the Snake Pit
 21302 | Snake:1  | Reached skill level 5 in Shields
 22538 | Snake:1  | Got the Compendium of Snow
 22632 | Snake:1  | Reached XP level 16. HP: 40/159 MP: 0/2
 23096 | Elf:1    | Entered Level 1 of the Elven Halls
 23340 | Elf:1    | Found Vulicene's Antique Weapon Emporium.
 23345 | Elf:1    | Paralysed by an air elemental for 1 turns
 23351 | Elf:1    | Paralysed by an air elemental for 1 turns
 23399 | Elf:1    | Found a frozen archway.
 23413 | IceCv    | Entered an ice cave
 24093 | Elf:1    | Noticed an Ice Fiend
 24126 | Elf:1    | Got the Grimoire of the Entourage
 24628 | Elf:2    | Paralysed by an air elemental for 1 turns
 24761 | Elf:2    | Found a runed translucent gate.
 24761 | Elf:2    | Found a runed translucent gate.
 24761 | Elf:2    | Found a runed translucent gate.
 24852 | Elf:2    | Reached skill level 15 in Axes
 24855 | Elf:2    | Found Hirej's Antique Weapon Boutique.
 26321 | D:14     | Found a gate to the Vaults.
 26519 | Lair:3   | Bought 3 scrolls of acquirement for 1872 gold pieces
 26519 | Lair:3   | Acquired 1145 gold pieces
 26521 | Lair:3   | Acquired 1103 gold pieces
 26523 | Lair:3   | Acquired the +6 broad axe "Zeetu" {flame, rF+ Str+3 Stlth-}
 26743 | D:8      | Fell from the grace of Gozag
 26743 | D:8      | Became a worshipper of Makhleb the Destroyer
 27173 | Snake:2  | Reached XP level 17. HP: 103/168 MP: 1/3
 27316 | Snake:2  | Reached * piety under Makhleb
 27320 | Snake:2  | Reached skill level 15 in Fighting
 28046 | D:14     | Turgon: First time I see Gozag wrath
 28046 | D:14     | Turgon: Really nasty with all these berserking foes
 28046 | D:14     | Acquired 1204 gold pieces
 28215 | D:14     | ABBCCCDDDD: same here
 28215 | D:14     | ABBCCCDDDD: it was a bad choice that I will never make
                  | again
 28215 | D:14     | ABBCCCDDDD: :D
 28215 | D:14     | ABBCCCDDDD: I'm practically dead
 28215 | D:14     | ABBCCCDDDD: we'll see
 28246 | D:15     | Entered Level 15 of the Dungeon
 28247 | D:15     | Turgon: You may find a vamp weapon
 28264 | D:15     | Noticed Josephine
 28273 | D:15     | Turgon: I played some DD of Oka and I know the problem with
                  | little MP
 28274 | D:15     | Killed Josephine
 28436 | D:15     | ABBCCCDDDD: I guess the $-amount goes down towards 0 as
                  | gozag rage lowers, what do you think?
 28436 | D:15     | ABBCCCDDDD: 1273$
 28436 | D:15     | ABBCCCDDDD: whatever that translates to
 28436 | D:15     | Turgon: As I said: your game is the first time I see Gozag
                  | wrath
 28438 | D:15     | Turgon: ?? Gozag wrath
 28438 | D:15     | beem: gozag wrath[1/1]: All purchased shops close
                  | permanently. For your next 2 XLs (or equivalent), potions
                  | have a 1/3 chance to fail when quaffed (spending a turn but
                  | not the potion), and monsters have a chance (based on HD vs
                  | player XL) to be permanently hasted, mighted or berserked
                  | when coming into view.
 28878 | D:15     | Turgon: Imagine berserking hell sentinels :-))
 28880 | D:15     | ABBCCCDDDD: hell, even small orcs berserking is a nuisance
 28880 | D:15     | ABBCCCDDDD: each and every pack has one zerk it seems
 28880 | D:15     | Turgon: yes, I'm really surprised
 28880 | D:15     | ABBCCCDDDD: lesson hammered into you
 28880 | D:15     | Turgon: yes
 29033 | D:15     | Turgon: Feels even worse than Trog wrath
 29043 | D:15     | Turgon: ... as it happens permanently
 29054 | D:15     | HP: 4/170 [frost giant/bolt of cold (11)]
 29055 | D:15     | ABBCCCDDDD: yeah
 29055 | D:15     | Turgon: Gozag petitions for your drink to fail.
 29055 | D:15     | ABBCCCDDDD: wonder if he'll let me drink one time
 29056 | D:15     | ABBCCCDDDD: thank you dear gozag
 29061 | D:15     | Turgon: beem said potions have 1/3 chance to fail
 29105 | D:15     | ABBCCCDDDD: oh, then I was lucky
 29327 | Swamp:1  | Entered Level 1 of the Swamp
 29331 | Lair:2   | ABBCCCDDDD: motherfucker
 29331 | Lair:2   | ABBCCCDDDD: :D
 29331 | Lair:2   | ABBCCCDDDD: I'm also a bit confused as to how much damage I
                  | take in Snake pit
 29331 | Lair:2   | ABBCCCDDDD: with my 31 armor
 29331 | Lair:2   | Turgon: would you mind #
 29331 | Lair:2   | ABBCCCDDDD: what's that?
 29331 | Lair:2   | Turgon: type #
 29331 | Lair:2   | Turgon: only 10 armour skill (!)
 29331 | Lair:2   | Turgon: for GDA
 29331 | Lair:2   | ABBCCCDDDD: I never really understood armour skilling
 29331 | Lair:2   | ABBCCCDDDD: but I get it enables you to make better use of
                  | the AC
 29331 | Lair:2   | ABBCCCDDDD: and I figured I'm already high enough in AC for
                  | the early-mid-game
 29331 | Lair:2   | Turgon: ?? armour skill
 29331 | Lair:2   | beem: armour skill[1/2]: Armour skill reduces the penalties
                  | associated with heavy armours, and increases the
                  | effectiveness of your armour by 1/22nd of its base value
                  | per level of skill.
 29331 | Lair:2   | ABBCCCDDDD: so not spending there yet
 29331 | Lair:2   | ABBCCCDDDD: yeah, so it's what I thought
 29332 | Lair:2   | Turgon: With gold DS you really need a lot
 29332 | Lair:2   | ABBCCCDDDD: to get the full amount of AC yes?
 29332 | Lair:2   | ABBCCCDDDD: but my wep speed is not hindered at all
 29332 | Lair:2   | ABBCCCDDDD: and my AC is high already
 29332 | Lair:2   | Turgon: to get more AC and less penalty
 29332 | Lair:2   | ABBCCCDDDD: what penalty?
 29332 | Lair:2   | Turgon: for gold DS 31 AC is not that high
 29332 | Lair:2   | ABBCCCDDDD: except for lower AC
 29468 | Snake:2  | Turgon: I think there are some penalties with low armour
                  | skill
 29468 | Snake:2  | Turgon: e.g. your weapon speed
 29468 | Snake:2  | ABBCCCDDDD: nope
 29468 | Snake:2  | ABBCCCDDDD: take a look at my swings
 29471 | Snake:2  | ABBCCCDDDD: 0.7 = min speed
 29534 | Snake:2  | ABBCCCDDDD: I've been clearing throuhg snake pit with less
                  | than 31. But maybe there's sort of a soft cut-off for EV
                  | for certain enemies
 29534 | Snake:2  | Turgon: I looked at wiki but got no answer *which*
                  | penalties are meant
 29534 | Snake:2  | ABBCCCDDDD: i.e. the enemies here hit a looot more often at
                  | 8 EV than 10 EV
 29534 | Snake:2  | ABBCCCDDDD: Yeah, i dunno
 29534 | Snake:2  | ABBCCCDDDD: something is off down here this run
 29561 | Snake:2  | Turgon: oh, I think I know: low armour skill affects
                  | accuracy of weapon but not weapon speed
 29561 | Snake:2  | ABBCCCDDDD: aha
 29589 | Snake:2  | Turgon: Wiki:
 29590 | Snake:2  | Turgon: Lowers your evasion Makes you less stealthy
                  | Reduces your accuracy Reduces your spellcasting success
                  | rate
 29805 | Snake:2  | Turgon: This feeling with DD and 0 MP...
 29807 | Snake:2  | ABBCCCDDDD: haha, I should've just quit when I switched
                  | from gozag
 29828 | Snake:2  | Turgon: I was surprised you didn't go with amu faith
 29840 | Snake:2  | Turgon: As you need Makh piety very quickly
 30096 | D:7      | Bought a potion of heal wounds for 75 gold pieces
 30096 | D:7      | Bought a potion of curing for 45 gold pieces
 30096 | D:7      | Bought a potion of heal wounds for 75 gold pieces
 30267 | Snake:1  | ABBCCCDDDD: does it give you more hp gain per every piety
                  | star?
 30267 | Snake:1  | Turgon: You get piety 1/3 faster
 30267 | Snake:1  | Turgon: ?? faith
 30267 | Snake:1  | beem: amulet of faith[1/2]: Piety increases one quarter
                  | faster. Yes, this means you get more gifts. Ru offers
                  | sacrifices more quickly; Xom has more dynamic piety and
                  | acts more often; no effect with Gozag. Removing the amulet
                  | reduces your piety by 1/3.
 30267 | Snake:1  | Turgon: oh, 1/4
 30267 | Snake:1  | ABBCCCDDDD: yeah, but the only thing i'm interested with
                  | the mak switch is the hp-gain from kills
 30267 | Snake:1  | ABBCCCDDDD: and you get that at 1 star
 30414 | Snake:2  | Turgon: but chance of getting HP back depends on piety
 30414 | Snake:2  | Turgon: and is very low with 1*
 30414 | Snake:2  | Turgon: with 5* you will be fine
 30414 | Snake:2  | ABBCCCDDDD: Aha, I didn't know that
 30606 | D:12     | Bought the amulet "Vuikki" {Faith rF+} for 810 gold pieces
 30830 | Snake:2  | Turgon: Wiki:
 30830 | Snake:2  | Turgon: You have a (piety - 30)/200 chance of healing
 30949 | Snake:2  | Slain by a nagaraja

Table legend: (Time is in decaauts)
 A = Elapsed time spent in this place.
 B = Non-inter-level travel time spent in this place.
 C = Inter-level travel time spent in this place.
 D = Time resting spent in this place.
 E = Time spent auto-exploring this place.
 F = Levels seen in this place.
 G = Mean time per level.
                   A        B        C        D        E       F      G
               +--------+--------+--------+--------+--------+-----+--------+
         Total |  30568 |  25829 |   4739 |    568 |  15988 |  30 | 1018.9 |
       Dungeon |  16343 |  13623 |   2720 |    388 |   9106 |  15 | 1089.5 |
        Temple |    109 |     93 |     16 |      0 |     68 |   1 |  109.0 |
          Lair |   6947 |   5785 |   1162 |    147 |   3814 |   6 | 1157.8 |
         Swamp |      1 |      1 |      0 |      0 |      0 |   1 |    1.0 |
     Snake Pit |   3242 |   2718 |    524 |     12 |   1315 |   2 | 1621.0 |
  Orcish Mines |   2000 |   1783 |    217 |      0 |    957 |   2 | 1000.0 |
   Elven Halls |   1370 |   1271 |     99 |      0 |    694 |   2 |  685.0 |
      Ice Cave |    552 |    552 |      0 |     20 |     32 |   1 |  552.0 |
               +--------+--------+--------+--------+--------+-----+--------+

Top non-repeatable levels by time:
 Snake:1: 2238 daAuts
     D:8: 1551 daAuts
     D:4: 1451 daAuts
  Lair:2: 1372 daAuts
     D:9: 1344 daAuts
    D:12: 1340 daAuts
    D:11: 1290 daAuts
  Lair:4: 1254 daAuts
  Lair:1: 1221 daAuts
  Lair:3: 1193 daAuts
  Lair:6: 1148 daAuts
     D:3: 1144 daAuts
    D:13: 1102 daAuts
   Orc:1: 1063 daAuts
    D:14: 1056 daAuts

Table legend:
 A = Kills in this place as a percentage of kills in entire the game.
 B = Kills by you in this place as a percentage of kills by you in the entire game.
 C = Kills by friends in this place as a percentage of kills by friends in the entire game.
 D = Other kills in this place as a percentage of other kills in the entire game.
 E = Experience gained in this place as a percentage of experience gained in the entire game.
 F = Experience gained in this place divided by the number of levels of this place that you have seen.
                   A       B       C       D       E      F
               +-------+-------+-------+-------+-------+----------------------
         Total | 100.0 | 100.0 | 100.0 | 100.0 | 100.0 | 8137.9
       Dungeon |  41.7 |  42.1 |  42.9 |  17.6 |  25.8 | 4206.5
          Lair |  20.6 |  21.2 |   0.0 |   0.0 |  23.5 | 9553.2
     Snake Pit |  13.3 |  13.3 |  28.6 |   5.9 |  25.3 | 30873.0
  Orcish Mines |  15.3 |  15.7 |   0.0 |   0.0 |   6.2 | 7594.0
   Elven Halls |   6.5 |   5.7 |   0.0 |  52.9 |  14.9 | 18186.0
      Ice Cave |   2.6 |   2.0 |  28.6 |  23.5 |   4.3 | 10414.0
               +-------+-------+-------+-------+-------+----------------------

Action                   |  1- 3 |  4- 6 |  7- 9 | 10-12 | 13-15 | 16-18 || total
-------------------------+-------+-------+-------+-------+-------+-------++-------
Melee: Hand axe          |    91 |   198 |       |       |       |       ||   289
       Mace              |       |    26 |   256 |   524 |   824 |    96 ||  1726
       Broad axe         |       |       |       |       |   877 |   613 ||  1490
Throw: Dart              |       |       |    16 |    39 |    17 |    16 ||    88
Invok: Call Merchant     |       |       |       |     3 |       |     2 ||     5
       Potion Petition   |       |       |       |       |     1 |     1 ||     2
 Abil: Heal Wounds       |     1 |     3 |     5 |    21 |    83 |    50 ||   163
Evoke: Wand              |       |     1 |     9 |     8 |    29 |    43 ||    90
       Phantom mirror    |       |       |       |       |     2 |     3 ||     5
  Use: Scroll            |       |       |     7 |    13 |     5 |    17 ||    42
       Potion            |       |       |       |       |     8 |     7 ||    15
 Stab: Sleeping          |     7 |     3 |     1 |     2 |       |       ||    13
       Distracted        |     1 |     1 |     1 |     9 |    19 |     2 ||    33
       Paralysed         |       |       |       |       |       |     8 ||     8
Armor: Leather armour    |    11 |       |       |       |       |       ||    11
       Ring mail         |     9 |    28 |       |       |       |       ||    37
       Scale mail        |       |    45 |    89 |    54 |       |       ||   188
       Chain mail        |       |       |       |   113 |   248 |       ||   361
       Gold dragon scale |       |       |       |       |   427 |   409 ||   836
Dodge: Dodged            |    74 |   180 |   162 |   263 |   587 |   146 ||  1412
       Repelled          |       |       |       |       |    16 |     7 ||    23
Block: Buckler           |       |       |    35 |   107 |   331 |   190 ||   663

Vanquished Creatures
  A frost giant (D:15)
  An orc warlord (Orc:1)
  2 deep elf demonologists (Elf:1)
  2 dire elephants (Snake:1)
  A deep elf death mage (Elf:2)
  Josephine (D:15)
  A deep elf high priest (Elf:2)
  Fannar (D:11)
  A salamander tyrant (Snake:1)
  2 ice dragons (IceCv)
  7 anacondas
  6 naga warriors
  2 boulder beetles
  Erolcha (D:11)
  11 hydras
  3 centaur warriors
  5 ironbound frosthearts (IceCv)
  5 tengu warriors
  4 two-headed ogres
  9 death yaks
  4 naga sharpshooters (Snake:1)
  An orc high priest (Orc:2)
  5 shock serpents
  3 deep elf knights
  Nergalle (D:10)
  A skeletal warrior (D:11)
  9 deep elf archers
  6 naga ritualists
  2 lindwurms (Lair:6)
  14 deep elf zephyrmancers
  5 orc knights
  15 ugly things
  A salamander (Snake:2)
  9 mana vipers
  4 cyclopes
  17 deep elf pyromancers
  4 orc sorcerers (Orc:2)
  A cyclops (shapeshifter) (Elf:2)
  4 manticores
  2 guardian serpents
  17 elephants
  45 black mambas
  A molten gargoyle (Lair:6)
  10 cane toads
  9 naga magi
  A gargoyle (D:12)
  Psyche (D:8)
  18 komodo dragons
  8 rime drakes
  3 kobold demonologists
  2 freezing wraiths
  8 trolls
  5 polar bears
  A hornet (D:9)
  10 slime creatures
  13 blink frogs
  A raiju (Snake:1)
  A dream sheep (Lair:4)
  2 centaur simulacra
  2 shadows (D:11)
  A spriggan (Lair:4)
  A vampire (D:11)
  2 air elementals
  53 yaks
  4 wyverns
  2 fire elementals
  A water elemental (Elf:1)
  6 wraiths
  A hog (shapeshifter) (D:11)
  9 basilisks
  A steam dragon (Lair:3)
  8 vampire mosquitoes
  23 nagas
  A warg (Orc:2)
  An acid dragon (D:9)
  2 black bears
  16 water moccasins
  32 orc warriors
  2 sky beasts
  2 necrophages
  9 ogres
  A boggart (D:11)
  10 wolves
  6 centaurs
  4 phantoms
  5 kobold brigands
  3 gnoll sergeants
  14 bullfrogs
  2 earth elementals
  2 scorpions
  A water moccasin zombie (D:6)
  9 killer bees
  4 howler monkeys
  5 wights
  3 electric eels
  4 centaur zombies
  2 hounds
  3 lava snakes (Lair:6)
  24 orc priests
  3 jellies
  2 bullfrog zombies (D:6)
  A bullfrog skeleton (D:5)
  2 centaur skeletons
  2 gnoll shamans
  2 hell rats (Lair:5)
  2 iguanas
  35 orc wizards
  A killer bee zombie (D:7)
  2 hound skeletons (D:4)
  2 howler monkey zombies
  13 adders
  25 gnolls
  7 river rats (Lair:5)
  A shadow imp (D:5)
  An ufetubus (D:4)
  2 worms
  2 dart slugs
  70 orcs
  8 endoplasms
  A giant cockroach (D:2)
  9 goblins
  10 hobgoblins
  3 jackals (D:5)
  25 kobolds
  5 quokkas
  8 ball pythons
  5 bats
  A frilled lizard (D:1)
  3 rats
  A butterfly (Lair:2)
865 creatures vanquished.

Vanquished Creatures (collateral kills)
  An ironbound frostheart (IceCv)
  A shock serpent (Snake:2)
  A salamander (Snake:2)
  2 ugly things (D:15)
  A tengu conjurer (D:15)
  A polar bear (IceCv)
7 creatures vanquished.

Vanquished Creatures (others)
  A white draconian (IceCv)
  An anaconda (Snake:2)
  8 dancing weapons
  A tengu warrior (D:15)
  A deep elf knight (Elf:2)
  2 deep elf archers (Elf:1)
  2 ugly things
  A deep elf zephyrmancer (Elf:1)
  3 rime drakes (IceCv)
  A troll (D:15)
  A naga (Snake:1)
  A quokka (D:3)
  23 fungi
  29 plants
75 creatures vanquished.

Grand Total: 947 creatures vanquished
